 Dungeon Crawl Stone Soup version 0.19-a0-944-gb338e1e (webtiles) character file.

2294 Implojin the Cleaver (level 9, -2/71 HPs)
             Began as a Minotaur Fighter on July 9, 2016.
             Was an Initiate of Okawaru.
             Slain by a water moccasin (6 damage)
             ... on level 7 of the Dungeon.
             The game lasted 00:14:21 (2292 turns).

Implojin the Cleaver (Minotaur Fighter)             Turns: 2292, Time: 00:14:22

Health: -2/71      AC: 11    Str: 20    XL:     9   Next: 17%
Magic:  8/8        EV:  3    Int:  5    God:    Okawaru [......]
Gold:   177        SH: 12    Dex: 14    Spells: 0 memorised, 8 levels left

rFire  . . .     SeeInvis .     a - +1 war axe
rCold  . . .     Gourm    .     w - +0 plate armour
rNeg   . . .     Faith    .     i - +3 shield
rPois  .         Spirit   .     (helmet restricted)
rElec  .         Dismiss  .     (no cloak)
rCorr  .         Reflect  .     (no gloves)
SustAt .         Harm     .     (no boots)
MR     .....                    (no amulet)
Stlth  ..........               (no ring)
                                (no ring)

@: not resistant to hostile enchantments, extremely unstealthy
A: retaliatory headbutt, horns 2
a: Renounce Religion


You were on level 7 of the Dungeon.
You worshipped Okawaru.
Okawaru was noncommittal.
You were not hungry.

You visited 2 branches of the dungeon, and saw 9 of its levels.

You collected 177 gold pieces.

Inventory:

Hand Weapons
 a - a +1 war axe (weapon)
 l - a cursed -3 flail
 o - a cursed -2 hand axe
 u - a +2 short sword of draining
Missiles
 p - 2 throwing nets (quivered)
 s - 6 tomahawks
Armour
 b - a +0 scale mail
 c - a +0 shield
 i - a +3 shield (worn)
 q - a +0 chain mail
 w - a +0 plate armour (worn)
Jewellery
 d - a +1 ring of evasion {unknown}
 k - a +5 ring of strength {unknown}
 A - a +2 amulet of reflection {unknown}
Wands
 t - a wand of acid (12/15)
Scrolls
 e - a scroll of enchant armour
 g - 3 scrolls of remove curse
 x - 2 scrolls of fear
 D - a scroll of identify {unknown}
Potions
 h - 3 potions of flight
 m - a potion of invisibility {unknown}
 n - a potion of degeneration {unknown}
 z - a potion of curing {unknown}
 B - a potion of heal wounds {unknown}
Books
 j - a book of Spatial Translocations

   Spells                             Type                      Level
   a - Apportation                    Translocation                1
   b - Blink                          Translocation                2
   c - Shroud of Golubria             Charms/Translocation         2
   d - Portal Projectile              Translocation                3
   e - Teleport Other                 Translocation                3
   f - Passage of Golubria            Translocation                4
 r - a book of Enchantments

   Spells                             Type                      Level
   a - Cause Fear                     Hexes                        4
   b - Yara's Violent Unravelling     Hexes/Transmutation          5
   c - Silence                        Hexes/Air                    5
   d - Deflect Missiles               Charms/Air                   6
   e - Haste                          Charms                       6
   f - Discord                        Hexes                        8
Comestibles
 f - 4 bread rations
 v - a beef jerky
 C - a meat ration
 E - a slice of pizza


   Skills:
 * Level 3.7 Fighting
 - Level 14.1 Axes
 - Level 3.6 Armour
 - Level 3.6 Shields


You had 8 spell levels left.
You didn't know any spells.

Dungeon Overview and Level Annotations

Branches:
Dungeon (8/15)             Temple (1/1) D:5
   Lair: D:8-11

Altars:
Ashenzari
Cheibriados
Dithmenos
Elyvilon
Fedhas
Gozag
Hepliaklqana
Kikubaaqudgha
Makhleb
Okawaru
Pakellas
Qazlal
Ru
Sif Muna
Trog
Vehumet
Xom
Zin
The Shining One

Shops:
D:5 =}=


Innate Abilities, Weirdness & Mutations

You reflexively headbutt those who attack you in melee.
You have a pair of horns on your head.


Message History

The water moccasin hisses angrily.
You slash the plant! You headbutt the plant!
The plant is moderately damaged.
You hit the plant but do no damage.
Your shield and plate armour prevent you from hitting the water moccasin.
You block the water moccasin's attack.
You barely miss the water moccasin.
Your headbutt misses the water moccasin.
You hit the plant but do no damage. x2
The water moccasin bites you but does no damage.
You hit the water moccasin.
Your headbutt misses the water moccasin.
The water moccasin is lightly wounded.
You hit the plant but do no damage. You slash the plant!
The water moccasin bites you.
* * * LOW HITPOINT WARNING * * *
Unknown command.
You hit the water moccasin.
The water moccasin is lightly wounded.
You slash the plant! You hit the plant but do no damage.
You block the water moccasin's attack. x2
You slash the water moccasin!
The water moccasin is severely wounded.
You hit the plant. You hit the plant but do no damage.
The water moccasin bites you.
* * * LOW HITPOINT WARNING * * *
Unknown command.
You hit the water moccasin.
Your headbutt misses the water moccasin.
The water moccasin is severely wounded.
You hit the plant but do no damage. x2; The water moccasin bites you.
* * * LOW HITPOINT WARNING * * *
Unknown command.
You closely miss the water moccasin.
The water moccasin is severely wounded.
You hit the plant. You slash the plant! You block the water moccasin's attack.
You miss the water moccasin.
The water moccasin is severely wounded.
You hit the plant but do no damage. x2; The water moccasin bites you.
You die...

#..#.........♣..P....♣
#.......♣♣P...♣♣...P.♣
#......♣♣.....†.♣♣P..# ..
#..###.♣♣♣♣♣♣♣.....♣ #
#.. .......♣ ♣.♣♣.♣♣§♣§♣
#.# #..####♣
♣P♣P.....P♣♣### #.#.#
.<.....# ♣P..(...♣P....#
#.#.#
...###.##....♣♣SP.....P..
..#.# ...#
#♣♣.P.P♣@.♣..♣P## #.#.#
...# ♣♣.♣.♣P♣♣P.♣ #.#..
...# ♣. ...P. ♣# #.#..
...# . ♣.$8.♣. #.#.. ...#
♣....P♣. #.#.. ####
P8.⌠.8 .. #.#.# ♣.P....
.♣### #.#+# .♣..8.P♣ P..#
#.... P. ..# #....


You could see a water moccasin.

Vanquished Creatures
  2 yaks (D:8)
  A hungry ghost (D:5)
  2 water moccasins
  An ice beast (D:6)
  A sky beast (D:7)
  2 phantoms
  2 centaurs (D:5)
  3 ogres
  2 giant frogs (D:6)
  A wyvern skeleton (D:6)
  2 crimson imps (D:5)
  3 hounds
  A giant frog skeleton (D:6)
  2 orc priests
  An iguana (D:4)
  3 orc wizards (D:5)
  Ijyb (D:3)
  7 worker ants
  2 hound skeletons (D:4)
  2 gnolls
  5 adders
  3 river rats (D:7)
  2 shadow imps
  An ooze (D:1)
  2 worms
  A dart slug (D:1)
  12 orcs
  A bat (D:3)
  5 giant cockroaches
  A goblin (D:1)
  3 hobgoblins (D:1)
  A kobold (D:1)
  2 quokkas
  2 giant newts
  2 rats
84 creatures vanquished.

Vanquished Creatures (others)
  A centaur skeleton (D:5)
  A plant (D:7)
2 creatures vanquished.

Grand Total: 86 creatures vanquished

Notes
Turn   | Place    | Note
-------+----------+-------------------------------------------
     0 | D:1      | Implojin the Minotaur Fighter began the quest for the Orb.
     0 | D:1      | Reached XP level 1. HP: 19/19 MP: 0/0
    27 | D:1      | Reached skill level 3 in Axes
    27 | D:1      | Reached XP level 2. HP: 21/26 MP: 1/1
   119 | D:3      | Noticed Ijyb
   123 | D:3      | Killed Ijyb
   123 | D:3      | Reached skill level 4 in Axes
   123 | D:3      | Reached XP level 3. HP: 7/31 MP: 2/2
   151 | D:3      | Found a faded altar of an unknown god.
   158 | D:3      | Reached skill level 5 in Axes
   290 | D:4      | Reached XP level 4. HP: 25/39 MP: 3/3
   315 | D:4      | Reached skill level 6 in Axes
   337 | D:4      | Reached XP level 5. HP: 20/45 MP: 4/4
   436 | D:4      | Reached skill level 7 in Axes
   437 | D:4      | HP: 2/45 [iguana (6)]
   530 | D:5      | Entered Level 5 of the Dungeon
   539 | D:4      | Noticed an ogre
   557 | D:4      | Killed an ogre
   557 | D:4      | Reached skill level 8 in Axes
   557 | D:4      | Reached XP level 6. HP: 9/51 MP: 5/5
   586 | D:5      | Found a shimmering altar of Xom.
   767 | D:5      | Reached skill level 9 in Axes
   767 | D:5      | Reached XP level 7. HP: 22/57 MP: 6/6
   796 | D:5      | Found Xuwkah's Jewellery Emporium.
   796 | D:5      | Found Gazoas's Gadget Shop.
   797 | D:5      | Found Rapremar's Jewellery Emporium.
   927 | D:8      | Noticed a two-headed ogre
   927 | D:8      | Noticed a hippogriff
   997 | D:7      | Reached skill level 10 in Axes
  1177 | D:6      | Reached skill level 11 in Axes
  1220 | D:7      | Reached XP level 8. HP: 31/64 MP: 7/7
  1437 | D:6      | Reached skill level 12 in Axes
  1922 | D:5      | Reached skill level 13 in Axes
  1990 | D:5      | Found a staircase to the Ecumenical Temple.
  2027 | Temple   | Entered the Ecumenical Temple
  2128 | Temple   | Became a worshipper of Warmaster Okawaru
  2223 | D:8      | Reached XP level 9. HP: 51/70 MP: 8/8
  2243 | D:8      | Reached skill level 14 in Axes
  2292 | D:7      | Slain by a water moccasin

Vault maps used:
D:1:      minmay_arrival_three_doors
D:2:      wad_woods_settlement, minivault_25, serial_bayou_ford_a
D:3:      nemelex_xobeh_ov_fountains_minmay, ecumenical_altar_1, first_bread,
          uniq_iyjb
D:5:      minmay_shop_grove, basic_altar, lemuel_flame_loot_1
D:6:      corexii_corridor_pit
D:7:      wad_woods_tower, minmay_small_thing
D:8:      minmay_lair_entry_grove, the_bakery
Temple:   minmay_crystal_snake_temple

Skill      XL: |  1  2  3  4  5  6  7  8  9 |
---------------+----------------------------+-----
Axes           | 3 4 5 6 8 9 11 13 14 | 14.1
Fighting       | |  3.7
Armour         | |  3.6
Shields        | |  3.6

Action                   |  1- 3 |  4- 6 |  7- 9 || total
-------------------------+-------+-------+-------++-------
Melee: War axe           |    33 |    90 |   215 ||   338
       Headbutt          |     3 |    25 |    41 ||    69
  Use: Potion            |     1 |     2 |     2 ||     5
       Scroll            |       |     7 |     3 ||    10
  Eat: Bread ration      |       |       |     1 ||     1
       Meat ration       |       |       |     1 ||     1
Armor: Scale mail        |    11 |       |       ||    11
       Chain mail        |     2 |    37 |    22 ||    61
       Plate armour      |       |       |    56 ||    56
Dodge: Dodged            |     8 |    16 |    23 ||    47
Block: Shield            |    14 |    66 |   108 ||   188

Table legend:
 A = Turns spent in this place as a percentage of turns spent in the entire game.
 B = Non-inter-level travel turns spent in this place as a percentage of non-inter-level travel turns spent in the entire game.
 C = Inter-level travel turns spent in this place as a percentage of turns spent in this place.
 D = Turns resting spent in this place as a percentage of non-inter-level travel turns spent in this place.
 E = Turns spent auto-exploring this place as a percentage of non-inter-level travel turns spent in this place.
 F = Non-inter-level travel turns spent in this place divided by the number of levels of this place that you've seen.
                   A       B       C       D       E      F
               +-------+-------+-------+-------+-------+----------------------
         Total | 100.0 | 100.0 |   0.0 |   0.1 |   0.0 | 260.2
       Dungeon |  94.7 |  94.7 |   0.0 |   0.1 |   0.0 | 277.2
        Temple |   5.3 |   5.3 |   0.0 |   0.0 |   0.0 | 124.0
               +-------+-------+-------+-------+-------+----------------------

Table legend:
 A = Kills in this place as a percentage of kills in entire the game.
 B = Kills by you in this place as a percentage of kills by you in the entire game.
 C = Kills by friends in this place as a percentage of kills by friends in the entire game.
 D = Other kills in this place as a percentage of other kills in the entire game.
 E = Experience gained in this place as a percentage of experience gained in the entire game.
 F = Experience gained in this place divided by the number of levels of this place that you have seen.
                   A       B       C       D       E      F
               +-------+-------+-------+-------+-------+----------------------
         Total | 100.0 | 100.0 |  -nan |  -nan | 100.0 | 364.2
       Dungeon | 100.0 | 100.0 |  -nan |  -nan | 100.0 | 409.8
               +-------+-------+-------+-------+-------+----------------------
